HSSL
MASCONOMET HS CHIEFTANS @ EVANS HS KNIGHTS
04/06/2028
 
TOP OF THE 1ST
Masconomet HS Chieftans batting - Pitching for Evans HS Knights : RHP Arnold Padilla
Pitching: RHP Arnold Padilla
Batting: RHB Kenny Canady 0-0: Called Strike
0-1: Foul Ball, location: 2F
0-2: Ball
1-2: Ball
2-2: Ball
3-2: Fly out, F7 (Flyball, 78S)
Batting: RHB Rob Palmer 0-0: Ball
1-0: Ball
2-0: Ball
3-0: Called Strike
3-1: Ground out 6-3 (Groundball, 6S)
Batting: RHB Alec Bowers 0-0: Ball
1-0: Called Strike
1-1: Foul Ball, location: 2F
1-2: Ball
2-2: Ball
3-2: Base on Balls
Batting: RHB Josh Martin 0-0: Foul Ball, location: 2F
0-1: Ball
1-1: 2-RUN HOME RUN (Flyball, 7D), Distance : 377 ft
Batting: RHB Bill Salinas 0-0: Called Strike
0-1: Swinging Strike
0-2: Fly out, F4 (Popup, 3D)
Top of the 1st over - 2 run(s), 1 hit(s), 0 error(s), 0 left on base; Masconomet HS 2 - Evans HS 0
BOTTOM OF THE 1ST
Evans HS Knights batting - Pitching for Masconomet HS Chieftans : LHP Manuel Rodríguez
Pitching: LHP Manuel Rodríguez
Batting: SHB Powell Phillips 0-0: Ball
1-0: Ball
2-0: Ground out 6-3 (Groundball, 6)
Batting: RHB Louis-Alexandre Lévesque 0-0: Swinging Strike
0-1: Ball
1-1: Ball
2-1: Swinging Strike
2-2: Strikes out swinging
Batting: RHB James Bennett 0-0: Ball
1-0: Ball
2-0: Called Strike
2-1: Foul Ball, location: 2F
2-2: SINGLE (Line Drive, 34D)
Batting: RHB Deron Rolen 0-0: Called Strike
0-1: Reached on error, E6 (Groundball, 6)
James Bennett to second
Batting: RHB Scott Wells 0-0: Ball
1-0: Called Strike
1-1: Foul Ball, location: 2F
1-2: Fielders Choice at 2nd, 6-4 (Groundball, 6)
Bottom of the 1st over - 0 run(s), 1 hit(s), 1 error(s), 1 left on base; Masconomet HS 2 - Evans HS 0
TOP OF THE 2ND
Masconomet HS Chieftans batting - Pitching for Evans HS Knights : RHP Arnold Padilla
Batting: SHB Carl Savage 0-0: Foul Ball, location: 2F
0-1: Foul Ball, location: 2F
0-2: Ball
1-2: Ball
2-2: Strikes out swinging
Batting: RHB Burt Scott 0-0: Called Strike
0-1: Foul Ball, location: 2F
0-2: Ball
1-2: Ground out 6-3 (Groundball, 56)
Batting: RHB Jack Bowman 0-0: Called Strike
0-1: Ball
1-1: Ball
2-1: Swinging Strike
2-2: Ball
3-2: Foul Ball, location: 2F
3-2: Foul Ball, location: 2F
3-2: Base on Balls
Batting: RHB Lee Justice 0-0: Foul Ball, location: 2F
0-1: Ball
1-1: Ball
2-1: SINGLE (Flyball, 89S)
Jack Bowman to second
Runner from 2nd tries for 3rd, SAFE, throw made to third
Batting: RHB Kenny Canady 0-0: Called Strike
0-1: Swinging Strike
0-2: Ball
1-2: Ball
2-2: Ball
3-2: Foul Ball, location: 2F
3-2: Foul Ball, location: 2F
3-2: SINGLE (Line Drive, 34D)
Jack Bowman scores
Lee Justice to second
Lee Justice to third
Batting: RHB Rob Palmer 0-0: Ball
1-0: Ground out 1-3 (Groundball, 15S)
Top of the 2nd over - 1 run(s), 2 hit(s), 0 error(s), 2 left on base; Masconomet HS 3 - Evans HS 0
BOTTOM OF THE 2ND
Evans HS Knights batting - Pitching for Masconomet HS Chieftans : LHP Manuel Rodríguez
Batting: RHB Dominic Veillette 0-0: Ball
1-0: Swinging Strike
1-1: Called Strike
1-2: Ball
2-2: Ball
3-2: Strikes out swinging
Batting: RHB Gerald Hayes 0-0: Foul Ball, location: 2F
0-1: Foul Ball, location: 2F
0-2: Ball
1-2: Ball
2-2: Foul Ball, location: 2F
2-2: Foul Ball, location: 2F
2-2: Fly out, F7 (Flyball, 7LS)
Batting: RHB Rafael Martínez 0-0: Ball
1-0: Called Strike
1-1: Called Strike
1-2: Strikes out swinging
Bottom of the 2nd over - 0 run(s), 0 hit(s), 0 error(s), 0 left on base; Masconomet HS 3 - Evans HS 0
TOP OF THE 3RD
Masconomet HS Chieftans batting - Pitching for Evans HS Knights : RHP Arnold Padilla
Batting: RHB Alec Bowers 0-0: Called Strike
0-1: Swinging Strike
0-2: Ball
1-2: Ball
2-2: Fly out, F9 (Flyball, 9LS)
Batting: RHB Josh Martin 0-0: Ball
1-0: Foul Ball, location: 2F
1-1: Foul Ball, location: 2F
1-2: DOUBLE (Groundball, 3L)
Batting: RHB Bill Salinas 0-0: Ball
1-0: Foul Ball, location: 2F
1-1: Ground out 4-3 (Groundball, 4)
Josh Martin to third
Batting: SHB Carl Savage 0-0: Ball
1-0: Foul Ball, location: 2F
1-1: Ball
2-1: Ball
3-1: Ground out 2-3 (Groundball, 2R)
Top of the 3rd over - 0 run(s), 1 hit(s), 0 error(s), 1 left on base; Masconomet HS 3 - Evans HS 0
BOTTOM OF THE 3RD
Evans HS Knights batting - Pitching for Masconomet HS Chieftans : LHP Manuel Rodríguez
Batting: LHB Julián Icaza 0-0: Ball
1-0: Ball
2-0: Swinging Strike
2-1: Ground out 3-1 (Groundball, 34)
Batting: SHB Powell Phillips 0-0: Ball
1-0: Ball
2-0: Ball
3-0: Base on Balls
Batting: RHB Louis-Alexandre Lévesque 0-0: Foul Ball, location: 2F
0-1: Ball
1-1: Ball
2-1: Foul Ball, location: 2F
2-2: Foul Ball, location: 2F
2-2: Ball
Powell Phillips is caught stealing 2nd base
3-2: Foul Ball, location: 2F
3-2: Foul Ball, location: 2F
3-2: Base on Balls
Batting: RHB James Bennett 0-0: Ball
1-0: Swinging Strike
1-1: Fielders Choice at 2nd, 5-4 (Groundball, 5L)
Bottom of the 3rd over - 0 run(s), 0 hit(s), 0 error(s), 0 left on base; Masconomet HS 3 - Evans HS 0
TOP OF THE 4TH
Masconomet HS Chieftans batting - Pitching for Evans HS Knights : RHP Arnold Padilla
Batting: RHB Burt Scott 0-0: Reached on error, E6 (Groundball, 6M)
Batting: RHB Jack Bowman 0-0: Called Strike
0-1: Ball
1-1: Foul Ball, location: 2F
1-2: Ball
2-2: Ball
3-2: Foul Ball, location: 2F
3-2: Fly out, F8 (Flyball, 8RM)
Batting: RHB Lee Justice 0-0: Hit by Pitch
Burt Scott to second
Pitching: RHP Chris Crews
Batting: RHB Kenny Canady 0-0: Grounds into double play, 5-4-3 (Groundball, 5)
Top of the 4th over - 0 run(s), 0 hit(s), 1 error(s), 1 left on base; Masconomet HS 3 - Evans HS 0
BOTTOM OF THE 4TH
Evans HS Knights batting - Pitching for Masconomet HS Chieftans : LHP Manuel Rodríguez
Batting: RHB Deron Rolen 0-0: Ball
1-0: Fly out, F9 (Flyball, 9LM)
Batting: RHB Scott Wells 0-0: Called Strike
0-1: Called Strike
0-2: Ball
1-2: Strikes out looking
Batting: RHB Dominic Veillette 0-0: Fly out, F8 (Flyball, 8LM)
Bottom of the 4th over - 0 run(s), 0 hit(s), 0 error(s), 0 left on base; Masconomet HS 3 - Evans HS 0
TOP OF THE 5TH
Masconomet HS Chieftans batting - Pitching for Evans HS Knights : RHP Chris Crews
Batting: RHB Rob Palmer 0-0: Ball
1-0: Foul Ball, location: 2F
1-1: Swinging Strike
1-2: Foul Ball, location: 2F
1-2: Strikes out swinging
Batting: RHB Alec Bowers 0-0: Swinging Strike
0-1: Foul Ball, location: 2F
0-2: Strikes out swinging
Batting: RHB Josh Martin 0-0: SINGLE (Groundball, 56S) (infield hit)
Batting: RHB Bill Salinas 0-0: Fielders Choice at 2nd, 4-6 (Groundball, 4)
Top of the 5th over - 0 run(s), 1 hit(s), 0 error(s), 0 left on base; Masconomet HS 3 - Evans HS 0
BOTTOM OF THE 5TH
Evans HS Knights batting - Pitching for Masconomet HS Chieftans : LHP Manuel Rodríguez
Batting: RHB Gerald Hayes 0-0: DOUBLE (Line Drive, 7LM)
Batting: RHB Rafael Martínez 0-0: Called Strike
0-1: Ball
1-1: Ball
2-1: DOUBLE (Line Drive, 7LM)
Gerald Hayes scores
Batting: LHB Julián Icaza 0-0: Ball
1-0: Ground out 4-3 (Groundball, 4)
Rafael Martínez to third
Batting: SHB Powell Phillips 0-0: Ball
1-0: Foul Ball, location: 2F
1-1: Foul Ball, location: 2F
1-2: Fly out, F7 (Flyball, 7S)
Batting: RHB Louis-Alexandre Lévesque 0-0: Ball
1-0: Ball
2-0: Foul Ball, location: 2F
2-1: Foul Ball, location: 2F
2-2: Ball
3-2: Foul Ball, location: 2F
3-2: Foul Ball, location: 2F
3-2: Foul Ball, location: 2F
3-2: Ground out 4-3 (Groundball, 4)
Bottom of the 5th over - 1 run(s), 2 hit(s), 0 error(s), 1 left on base; Masconomet HS 3 - Evans HS 1
TOP OF THE 6TH
Masconomet HS Chieftans batting - Pitching for Evans HS Knights : RHP Chris Crews
Batting: SHB Carl Savage 0-0: Ground out 4-3 (Groundball, 34)
Batting: RHB Burt Scott 0-0: Ball
1-0: Ball
2-0: Called Strike
2-1: Ball
3-1: Swinging Strike
3-2: SINGLE (Line Drive, 4D)
Batting: RHB Jack Bowman 0-0: Ball
1-0: Ball
Wild Pitch!
Burt Scott to second
2-0: Called Strike
2-1: Called Strike
2-2: Ball
3-2: Base on Balls
Batting: RHB Lee Justice 0-0: Fly out, F4 (Popup, 3D)
Batting: RHB Kenny Canady 0-0: Called Strike
0-1: Fly out, F8 (Flyball, 8RS)
Top of the 6th over - 0 run(s), 1 hit(s), 0 error(s), 2 left on base; Masconomet HS 3 - Evans HS 1
BOTTOM OF THE 6TH
Evans HS Knights batting - Pitching for Masconomet HS Chieftans : LHP Manuel Rodríguez
Pitching: RHP Wayne Meyer
Batting: RHB James Bennett 0-0: Ball
1-0: Foul Ball, location: 2F
1-1: Fly out, F7 (Line Drive, 78M)
Batting: RHB Deron Rolen 0-0: Ball
1-0: Swinging Strike
1-1: Ball
2-1: Ball
3-1: Base on Balls
Batting: RHB Scott Wells 0-0: Ball
1-0: Foul Ball, location: 2F
1-1: Ball
2-1: Ball
3-1: Foul Ball, location: 2F
3-2: Base on Balls
Deron Rolen to second
Batting: RHB Dominic Veillette 0-0: Called Strike
0-1: Ball
Wild Pitch!
Deron Rolen to third
Scott Wells to second
1-1: Ball
2-1: Ball
3-1: Base on Balls
Batting: RHB Gerald Hayes 0-0: Called Strike
0-1: Called Strike
0-2: Foul Ball, location: 2F
0-2: Foul Ball, location: 2F
0-2: GRAND SLAM HOME RUN (Flyball, 7D), Distance : 394 ft
Pitching: RHP Albert Berry
Batting: RHB Rafael Martínez 0-0: Swinging Strike
0-1: Foul Ball, location: 2F
0-2: Foul Ball, location: 2F
0-2: Strikes out looking
Batting: LHB Julián Icaza 0-0: Swinging Strike
0-1: Foul Ball, location: 2F
0-2: Ball
1-2: Ball
2-2: SINGLE (Line Drive, 6D)
Batting: SHB Powell Phillips 0-0: Ball
1-0: Foul Ball, location: 2F
1-1: Foul Ball, location: 2F
1-2: Fly out, F8 (Flyball, 8RM)
Bottom of the 6th over - 4 run(s), 2 hit(s), 0 error(s), 1 left on base; Masconomet HS 3 - Evans HS 5
TOP OF THE 7TH
Masconomet HS Chieftans batting - Pitching for Evans HS Knights : RHP Chris Crews
Batting: RHB Rob Palmer 0-0: Swinging Strike
0-1: Called Strike
0-2: Ball
1-2: Strikes out swinging
Batting: RHB Alec Bowers 0-0: Called Strike
0-1: Foul Ball, location: 2F
0-2: Ball
1-2: Ball
2-2: Foul Ball, location: 2F
2-2: Ball
3-2: Foul Ball, location: 2F
3-2: Foul Ball, location: 2F
3-2: SINGLE (Line Drive, 4D)
Batting: RHB Josh Martin 0-0: Swinging Strike
0-1: Foul Ball, location: 2F
0-2: Ball
1-2: Ball
2-2: Strikes out swinging
Batting: RHB Bill Salinas 0-0: SINGLE (Flyball, 89S)
Alec Bowers to second
Runner from 2nd tries for 3rd, SAFE, throw made to third
Batting: SHB Carl Savage 0-0: Ball
1-0: Ball
2-0: Swinging Strike
2-1: Foul Ball, location: 2F
2-2: Foul Ball, location: 2F
2-2: Ball
3-2: Foul Ball, location: 2F
3-2: Strikes out swinging
Top of the 7th over - 0 run(s), 2 hit(s), 0 error(s), 2 left on base; Masconomet HS 3 - Evans HS 5
BOTTOM OF THE 7TH
Evans HS Knights batting - Pitching for Masconomet HS Chieftans : RHP Albert Berry
Batting: RHB Louis-Alexandre Lévesque 0-0: Ball
1-0: Swinging Strike
1-1: Ball
2-1: Ball
3-1: Called Strike
3-2: Strikes out swinging
Batting: RHB James Bennett 0-0: Ground out 6-3 (Groundball, 6)
Batting: RHB Deron Rolen 0-0: Ball
1-0: Foul Ball, location: 2F
1-1: Called Strike
1-2: Strikes out swinging
Bottom of the 7th over - 0 run(s), 0 hit(s), 0 error(s), 0 left on base; Masconomet HS 3 - Evans HS 5
TOP OF THE 8TH
Masconomet HS Chieftans batting - Pitching for Evans HS Knights : RHP Chris Crews
Pitching: RHP Danny Miller
Batting: RHB Burt Scott 0-0: Called Strike
0-1: Foul Ball, location: 2F
0-2: Ball
1-2: Fly out, F8 (Flyball, 8RM)
Batting: RHB Jack Bowman 0-0: Ball
1-0: Ball
2-0: Foul Ball, location: 2F
2-1: Called Strike
2-2: Foul Ball, location: 2F
2-2: Ground out 6-3 (Groundball, 56)
Batting: RHB Lee Justice 0-0: Fly out, F9 (Flyball, 89M)
Top of the 8th over - 0 run(s), 0 hit(s), 0 error(s), 0 left on base; Masconomet HS 3 - Evans HS 5
BOTTOM OF THE 8TH
Evans HS Knights batting - Pitching for Masconomet HS Chieftans : RHP Albert Berry
Batting: RHB Scott Wells 0-0: Foul Ball, location: 2F
0-1: Called Strike
0-2: Ball
1-2: Strikes out looking
Batting: RHB Dominic Veillette 0-0: Called Strike
0-1: SINGLE (Line Drive, 4)
Batting: RHB Gerald Hayes 0-0: Ball
1-0: Swinging Strike
1-1: Ball
2-1: Swinging Strike
2-2: Ball
3-2: Foul Ball, location: 2F
3-2: Strikes out swinging
Dominic Veillette steals 2nd base
Batter strikes out.
Batting: RHB Rafael Martínez 0-0: Called Strike
0-1: Ball
1-1: Ball
2-1: Foul Ball, location: 2F
2-2: Ball
3-2: Strikes out looking
Bottom of the 8th over - 0 run(s), 1 hit(s), 0 error(s), 1 left on base; Masconomet HS 3 - Evans HS 5
TOP OF THE 9TH
Masconomet HS Chieftans batting - Pitching for Evans HS Knights : RHP Danny Miller
Pitching: RHP Ken Gardner
Batting: RHB Kenny Canady 0-0: Called Strike
0-1: Called Strike
0-2: Ball
1-2: Reached on error, E5 (Groundball, 56S)
Batting: RHB Rob Palmer 0-0: Foul Ball, location: 2F
0-1: DOUBLE (Line Drive, 8RD)
Kenny Canady to third
Batting: RHB Alec Bowers 0-0: Called Strike
0-1: Foul Ball, location: 2F
0-2: Strikes out swinging
Batting: RHB Josh Martin 0-0: Called Strike
0-1: Ball
1-1: Called Strike
1-2: Strikes out swinging
Batting: RHB Bill Salinas 0-0: Foul Ball, location: 2F
0-1: Ball
1-1: Ball
2-1: Foul Ball, location: 2F
2-2: 3-RUN HOME RUN (Flyball, 78XD), Distance : 426 ft
Pitching: LHP Bernard Ryan
Batting: SHB Carl Savage 0-0: Swinging Strike
0-1: Ball
1-1: Ball
2-1: Swinging Strike
2-2: Ball
3-2: Fly out, F9 (Flyball, 9LS)
Top of the 9th over - 3 run(s), 2 hit(s), 1 error(s), 0 left on base; Masconomet HS 6 - Evans HS 5
BOTTOM OF THE 9TH
Evans HS Knights batting - Pitching for Masconomet HS Chieftans : RHP Albert Berry
Pitching: RHP Rob White
Batting: LHB Julián Icaza 0-0: Called Strike
0-1: Ball
1-1: Ball
2-1: Ball
3-1: Base on Balls
Batting: SHB Powell Phillips 0-0: Ball
1-0: Bunted foul
1-1: Sac Bunt - play at first, batter OUT! 2-4
Julián Icaza to second
Batting: RHB Louis-Alexandre Lévesque 0-0: Called Strike
0-1: Ball
1-1: Foul Ball, location: 2F
1-2: Fly out, F9 (Flyball, 9S)
Batting: RHB James Bennett 0-0: Ball
1-0: Ball
2-0: Called Strike
2-1: Foul Ball, location: 2F
2-2: Ball
3-2: Strikes out swinging
Bottom of the 9th over - 0 run(s), 0 hit(s), 0 error(s), 1 left on base; Masconomet HS 6 - Evans HS 5
Tuesday, August 8th, 2017 - OOTP Baseball 17.12 Build 75